AoeStats
← RENAULFUEGOLACUPE

Arabia

510017282Analyzed
1v1 RM · 3d ago on Sep 29, 2026· 47m 35s· 2 players
Game mode
Random Map
Map size
Tiny (2 player)
Population
200
Speed
Normal
Resources
Standard
Victory
Conquest
Starting age
Dark Age
Ending age
Imperial Age
RankedLock teamsTeams togetherTeam positionsShared explorationLock speedFull tech treeHidden civsTurbo modeCheats
Victory
Defeat
🇮🇩 Japanese · Indonesia
683
+16
🇦🇷 Bulgarians · Argentina
686
-16
commandermaven
7:41 Loom
9:58 Feudal Age
27:45 Castle Age
28:29 Double-Bit Axe
28:32 Horse Collar
35:17 Wheelbarrow
38:15 Hand Cart
37:45 Town Watch
RENAULFUEGOLACUPE
10:30 Feudal Age
18:01 Loom
20:36 Wheelbarrow
24:37 Double-Bit Axe
27:00 Castle Age
27:51 Gambesons
28:12 Fletching
28:39 Forging
30:03 Husbandry
30:20 Bloodlines
34:10 Iron Casting
Connection lost

Rejoining the realm…

Still unreachable

The connection could not be restored.

Session expired

The server has moved on; the page needs a fresh start.